[Event "Chinese League Div-A Rapid 2022"]
[Site "Fuling,Chongqing"]
[Date "2022.09.19"]
[Round "11.28"]
[White "Chen, Yuan"]
[Black "Zhao, Yuanhe"]
[Result "1-0"]
[ECO "A04"]
[WhiteElo "2138"]
[BlackElo "2440"]
[Annotator "TA"]
[PlyCount "123"]
[EventDate "2022.09.07"]
[EventType "team-tourn"]
[EventCountry "CHN"]
[SourceTitle "playchess.com"]
[Source "ChessBase"]
[SourceQuality "1"]
[TimeControl "1500+10"]

1. e4 c5 2. Nf3 Nc6 3. d3 g6 4. g3 Bg7 5. Bg2 e6 6. O-O Nge7 7. Re1 d6 8. c3 e5 9. Be3 O-O {[%emt 0:00:04] BESTDEEP. A04: Unusual lines after 1 Nf3 and King's Indian Attack.} 10. d4 {[%emt 0:00:21] CPLX 2.1 50 (Nb1-a3) (=25)} (10. Na3 $11) 10... exd4 $15 {[%emt 0:00:01] DEEPSTRONG} 11. cxd4 {[%emt 0:00:02] RECAPT} Bg4 {[%emt 0:00:02] EASY. Black is slightly better.} 12. dxc5 {[%emt 0:02:47] CPLX 3.1} dxc5 {[%emt 0:00:08] aiming for ...Qxd1. RECAPT} 13. Nc3 {[%emt 0:00:55] CPLX 3.0} Nd4 {[%emt 0:00:09] CPLX 3.1 15 (Qd8-a5) (=3)} 14. h3 {[%emt 0:00:38] [#] EASY} Bc8 $146 {[%emt 0:03:00] CPLX 3.3 37 (Nd4xf3) (=9)} ({Predecessor:} 14... Be6 15. Rc1 Rc8 16. Ne2 Nxf3+ 17. Bxf3 Qxd1 18. Rexd1 b6 19. b3 Nc6 20. Bg2 Rfd8 {0-1 (44) Hernandez Sanchez,J (2051)-Principe,G (2045) Bento Goncalves 2010}) 15. Nd5 {[%emt 0:00:41] CPLX 2.6} Nxd5 {[%emt 0:00:57] EASY} 16. exd5 {[%emt 0:00:03][%cal Rf3d4] RECAPT} Qb6 {[%emt 0:00:19] CPLX 2.6 7 (Rf8-e8) (=7)} 17. Rc1 {[%emt 0:04:37] BESTDEEP} Bf5 {[%emt 0:00:21] CPLX 2.6} 18. Rxc5 {[%emt 0:01:12] CPLX 2.8 49 (g3-g4) (=10)} Qxc5 $11 {[%emt 0:00:12] RECAPT} 19. Nxd4 {[%emt 0:00:02] EASY} Qc8 {[%emt 0:00:08] BESTDEEP} 20. g4 {[%emt 0:01:39] CPLX 3.1 33 (Kg1-h2) (=11)} Bd7 {[%emt 0:00:03] EASY} 21. Qb3 {[%emt 0:00:41] CPLX 2.8 0 (d5-d6) (=10)} Qb8 {[%emt 0:02:43] CPLX 2.9 6 (Qc8-c7) (=5)} 22. Qb4 {[%emt 0:02:46] Inhibits Qd6. CPLX 3.0 36 (Re1-d1) (=12)} Re8 {[%emt 0:00:23] EASY} 23. Nb3 {[%emt 0:00:16] BESTDEEP} Bf8 {[%emt 0:00:47] BESTDEEP} ({But not} 23... Bxb2 24. Nc5 Qd6 25. Qxb2 Rxe3 26. Rxe3 $16) 24. Qd2 {[%emt 0:02:45] CPLX 3.6 34 (Qb4-d4) (=13)} Qd6 {[%emt 0:01:05] CPLX 3.1 14 (Qb8-e5) (=5)} 25. Rd1 {[%emt 0:00:12] BESTDEEP} Rac8 {[%emt 0:00:31] Against Bc5. CPLX 3.1 34 (Bd7-a4) (=7)} 26. Na5 $1 {[%emt 0:01:00] DEEPSTRONG} Qb4 {[%emt 0:03:43] CPLX 3.4 24 (b7-b6) (=8)} 27. Qxb4 {[%emt 0:00:46] CPLX 3.7} Bxb4 {[%emt 0:00:06] RECAPT} 28. Nxb7 {[%emt 0:00:14] EASY} Rc2 {[%emt 0:06:09] CPLX 3.0} 29. a3 {[%emt 0:00:08] CPLX 3.1} Rxe3 $1 {[%emt 0:03:46] DEEPSTRONG} 30. fxe3 {[%emt 0:00:18] RECAPT} Bd2 {[%emt 0:00:01] EASY} 31. b4 {[%emt 0:01:03] BESTDEEP} Bxe3+ {[%emt 0:00:03] EASY} 32. Kh1 {[%emt 0:00:01] CPLX 2.0} Bb6 {[%emt 0:00:31] CPLX 2.1 6 (Kg8-f8) (=6)} 33. Nc5 {[%emt 0:00:20] CPLX 2.1 16 (Nb7-d6) (=9)} Bxc5 {[%emt 0:00:07] EASY} 34. bxc5 {[%emt 0:00:01] RECAPT} Rxc5 {[%emt 0:00:13][%mdl 4096] Endgame KRB-KRB. RECAPT} 35. Rb1 {[%emt 0:00:01] CPLX 2.0} Bb5 {[%emt 0:01:03] BESTDEEP} 36. Kh2 {[%emt 0:01:25] CPLX 2.0 4 (d5-d6) (=8)} a6 {[%emt 0:00:33] CPLX 2.0 10 (Kg8-g7) (=5)} 37. Re1 {[%emt 0:00:13] CPLX 2.0 27 (Kh2-g3) (=9)} Kf8 {[%emt 0:00:16] CPLX 2.0 8 (Rc5-c3) (=6)} 38. Re3 {[%emt 0:00:02] BESTDEEP} Rc2 {[%emt 0:00:28] And now ...Bf1 would win. CPLX 2.0 2 (g6-g5) (=5)} 39. Kg3 {[%emt 0:00:07] EASY} h6 {[%emt 0:00:10] BESTDEEP} 40. Be4 {[%emt 0:00:38] CPLX 2.0 5 (Bg2-f3) (=8)} Rc4 {[%emt 0:00:20] BESTDEEP} 41. Kf4 {[%emt 0:00:49] CPLX 2.0 0 (Kg3-f3) (=8)} Ke7 {[%emt 0:00:06] EASY} 42. g5 {[%emt 0:00:17] CPLX 2.2 4 (Kf4-e5) (=8)} f5 {[%emt 0:00:50] BESTDEEP} 43. gxf6+ $1 {[%emt 0:00:31] DEEPSTRONG} Kxf6 {[%emt 0:00:02] RECAPT} 44. Kg3 {[%emt 0:00:14] CPLX 2.2} Rd4 {[%emt 0:00:14] CPLX 2.0 27 (Bb5-d7) (=5)} 45. Bf3 {[%emt 0:00:08] CPLX 2.0 23 (Re3-f3) (=8)} Rd3 {[%emt 0:00:55] CPLX 2.1 15 (h6-h5) (=6)} 46. Re6+ {[%emt 0:00:40] BESTDEEP} ({Of course not} 46. Rxd3 Bxd3 47. Kf4 g5+ 48. Kg4 (48. Ke3 Bf5 $17) 48... Bg6 $17) 46... Kf7 {[%emt 0:00:23] CPLX 2.2 8 (Kf6-f5) (=6)} 47. Kf4 {[%emt 0:00:15] CPLX 2.4} Rxa3 {[%emt 0:00:13] CPLX 2.4} 48. Rb6 {[%emt 0:00:06] CPLX 2.2} g5+ {[%emt 0:00:10] CPLX 2.2 0 (Bb5-f1) (=5)} 49. Ke4 {[%emt 0:00:01] EASY} Ke7 {[%emt 0:00:12] CPLX 2.3 14 (Bb5-d7) (=6)} 50. Rxh6 {[%emt 0:00:09] CPLX 2.4 6 (Bf3-g4) (=7)} Ra4+ $2 {[%emt 0:00:10][%mdl 8192] RELBLUND 275 (Bb5-d7) (=12)} (50... Bd7 $11 {and Black has nothing to worry.}) 51. Ke5 $18 {[%emt 0:00:02] EASY} Rh4 {[%emt 0:00:08] CPLX 2.0} 52. Rb6 {[%emt 0:00:18] CPLX 2.4 135 (d5-d6) (=10)} ({White should play} 52. d6+ $18 Kd8 53. Rg6) 52... Rxh3 $16 {[%emt 0:00:10] [#] CPLX 2.2=>BLUNDERREACT} 53. Rb7+ {[%emt 0:00:01] MISSDEEP-d5-d6 55 (d5-d6) (=11)} (53. d6+ $142 $1 Kf8 54. Rb8+ Kg7 55. Rb7+ Kf8 56. Bd5) 53... Kd8 $2 {[%emt 0:00:11] CPLX 2.0 157 (Ke7-f8) (=15)} (53... Kf8 $16 {keeps fighting.} 54. Bg4 Rh4) 54. Bg4 $18 {[%emt 0:00:09][%mdl 1024] White has strong compensation. CPLX 2.4=>BLUNDERREACT} Re3+ {[%emt 0:00:11] RELBLUND 400 (Rh3-b3) (=23)} (54... Rb3 $18 55. d6 Ba4) 55. Kd6 {[%emt 0:00:04][%cal Rb7b8] CPLX 2.2=>BLUNDERREACT} Ke8 {[%emt 0:00:06] BEVAL} 56. Be6 {[%emt 0:00:14][%cal Rb7b8] BEVAL} Kf8 {[%emt 0:00:02] [#] BEVAL} 57. Rf7+ $1 {[%emt 0:00:02] DEEPSTRONG} Ke8 {[%emt 0:00:15] BEVAL} 58. Rg7 {[%emt 0:00:01][%cal Rg7g8] BEVAL} Rf3 {[%emt 0:00:15] BEVAL} 59. Rxg5 {[%emt 0:00:05] Rg8+ would kill now. BEVAL} a5 {[%emt 0:00:09] RELBLUND 400 (Bb5-c4) (=29)} 60. Rg8+ {[%emt 0:00:05] CPLX 2.0} Rf8 {[%emt 0:00:02] LEGAL} 61. Rg7 {[%emt 0:00:01] DEEPSTRONG} Rf4 {[%emt 0:00:20] RELBLUND 4 (Rf8-h8) (=28)} 62. Rb7 {[%emt 0:00:07] Weighted Error Value: White=0.10 (very precise) /Black=0.47} 1-0

[Event "Chinese League Div-A Rapid 2022"]
[Site "Fuling,Chongqing"]
[Date "2022.09.19"]
[Round "11.29"]
[White "Ren, Xiaoyi"]
[Black "Qiu, Mengjie"]
[Result "1/2-1/2"]
[ECO "D27"]
[WhiteElo "2250"]
[BlackElo "2149"]
[Annotator "NA RC"]
[PlyCount "83"]
[EventDate "2022.09.07"]
[EventType "team-tourn"]
[EventCountry "CHN"]
[SourceTitle "playchess.com"]
[Source "ChessBase"]
[SourceQuality "1"]
[TimeControl "1500+10"]

1. d4 d5 2. c4 dxc4 3. e3 Nf6 4. Nf3 e6 5. Bxc4 c5 6. O-O a6 7. dxc5 Qxd1 8. Rxd1 Bxc5 9. Nbd2 Nc6 10. Be2 O-O 11. b3 Rd8 12. Bb2 Bd7 13. Nc4 Be8 14. Nfe5 Rxd1+ 15. Rxd1 Rd8 16. Rxd8 Nxd8 17. Bf3 Be7 18. Nb6 Bc5 19. Bd4 Bxd4 20. exd4 Kf8 21. Kf1 Ke7 22. Nc8+ Kf8 23. Nb6 Ke7 24. Nc8+ Kf8 25. Ke2 Nd5 26. Bxd5 exd5 27. Nb6 Ne6 28. Ke3 Nc7 29. Nd3 Ke7 30. Nc5 Bc6 31. Nc8+ Kd8 32. Nd6 b6 33. Nxf7+ Ke7 34. Ne5 bxc5 35. Nxc6+ Kd6 36. Na5 cxd4+ 37. Kxd4 Ne6+ 38. Ke3 Kc5 39. a3 Kb5 40. Nb7 Kc6 41. Na5+ Kb5 42. Nb7 1/2-1/2

[Event "Chinese League Div-A Rapid 2022"]
[Site "Fuling,Chongqing"]
[Date "2022.09.19"]
[Round "11.30"]
[White "Chu, Ruotong"]
[Black "Bai, Xue"]
[Result "1/2-1/2"]
[ECO "E06"]
[WhiteElo "2185"]
[BlackElo "2123"]
[Annotator "NA RC"]
[PlyCount "46"]
[EventDate "2022.09.07"]
[EventType "team-tourn"]
[EventCountry "CHN"]
[SourceTitle "playchess.com"]
[Source "ChessBase"]
[SourceQuality "1"]
[TimeControl "1500+10"]

1. d4 d5 2. c4 e6 3. Nf3 Nf6 4. g3 Be7 5. Bg2 O-O 6. Nc3 dxc4 7. Ne5 c5 8. dxc5 Qxd1+ 9. Nxd1 Bxc5 10. Nxc4 Nc6 11. Be3 Bb4+ 12. Bd2 Bxd2+ 13. Nxd2 Bd7 14. Nc3 Nd4 15. O-O Bc6 16. Bxc6 Nxc6 17. Nde4 Nxe4 18. Nxe4 Rfd8 19. Rfd1 Rxd1+ 20. Rxd1 Rd8 21. Rxd8+ Nxd8 22. Kg2 Kf8 23. Kf3 Ke7 1/2-1/2